 Dungeon Crawl Stone Soup version 0.21.1-1-g345015f (webtiles) character file.

39 letownia2 the Conjurer (level 3, 0/19 HPs)
             Began as a Tengu Conjurer on Mar 5, 2018.
             Slain by an orc
             ... wielding a +0 flail
              (7 damage)
             ... on level 3 of the Dungeon.
             The game lasted 00:01:57 (381 turns).

letownia2 the Conjurer (Tengu Conjurer)              Turns: 381, Time: 00:01:58

Health: 0/19       AC:  3    Str:  8    XL:     3   Next: 47%
Magic:  3/7        EV: 12    Int: 16    God:
Gold:   29         SH:  0    Dex: 14    Spells: 0/6 levels left

rFire    . . .     SeeInvis .   d - +0 dagger
rCold    . . .     Gourm    .   (no shield)
rNeg     . . .     Faith    .   a - +0 robe
rPois    .         Spirit   .   (helmet restricted)
rElec    .         Reflect  .   (no cloak)
rCorr    .         Harm     .   j - +0 pair of gloves
MR       .....                  (boots unavailable)
Stlth    ++........             (no amulet)
HPRegen  0.06/turn              (no ring)
MPRegen  0.10/turn              (no ring)

@: no status effects
A: beak, talons 3
a: no special abilities


You were on level 3 of the Dungeon.
You were not hungry.

You visited 1 branch of the dungeon, and saw 3 of its levels.

You collected 29 gold pieces.

Inventory:

Hand Weapons
 d - a +0 dagger (weapon)
Missiles
 l - 5 tomahawks (quivered)
Armour
 a - a +0 robe (worn)
 j - a +0 pair of gloves (worn)
Scrolls
 f - a scroll of noise {unknown}
 g - 3 scrolls of teleportation {unknown}
 i - a scroll of immolation {unknown}
 k - a scroll of identify {unknown}
Potions
 e - a potion of heal wounds {unknown}
 h - a potion of cancellation {unknown}
Books
 b - a book of Conjurations

   Spells                             Type                      Level
   a - Magic Dart                     Conjuration                  1
   b - Searing Ray                    Conjuration                  2
   c - Dazzling Spray                 Conjuration/Hexes            3
   d - Fulminant Prism                Conjuration/Hexes            4
   e - Force Lance                    Conjuration/Translocation    4
   f - Iskenderun's Mystic Blast      Conjuration                  4
Comestibles
 c - 3 rations


   Skills:
 - Level 2.1 Dodging
 - Level 2.0 Stealth
 - Level 2.0 Spellcasting
 + Level 6.9 Conjurations


You couldn't memorise any spells.
You knew the following spells:

 Your Spells              Type           Power        Failure   Level  Hunger
a - Magic Dart            Conj           ###.         1%          1    #......
l - Searing Ray           Conj           ###...       1%          2    ###....
x - Dazzling Spray        Conj/Hex       ##....       16%         3    ###....


Dungeon Overview and Level Annotations

Branches:
Dungeon (3/15)

Altars:

Annotations:
D:3 letownia2's ghost, weakling TeFE


Innate Abilities, Weirdness & Mutations

You have a beak for a mouth.
You have claws for feet.


Message History

Aim: an orc, wielding a flail (hasn't noticed you)
The magic dart hits the orc.
The orc is almost dead.
The orc shouts!
You hear a shout! x2
An orc priest comes into view. It is wielding a flail of venom.
The orc priest calls upon Beogh to heal the orc.
The orc's wounds heal themselves!
There is an escape hatch in the floor here.
There is a stone staircase leading up here.
Casting: Magic Dart
Confirm with . or Enter, or press ? or * to list all spells.
Aiming: Magic Dart
Press: ? - help, Shift-Dir - straight line, f/p - orc
Aim: an orc, wielding a flail The magic dart hits the orc.
The orc is lightly wounded.
The orc hits you with a flail!
Unknown command.
The orc hits you with a flail!
You die...

#### #..#
#.. #....
#.. ..†...
#.# ....#
#.# ....#
##@####..#
#.o...).#
#......##
#...>..#
#####.##
##o# #..#
#.## #.#


You could see an orc priest and an orc.

Vanquished Creatures
  2 adders
  A leopard gecko (D:1)
  An orc (D:3)
  4 bats
  A giant cockroach (D:1)
  2 goblins (D:1)
  2 hobgoblins (D:1)
  A ball python (D:2)
  2 frilled lizards
  A kobold (D:1)
  3 rats
20 creatures vanquished.

Notes
Turn   | Place    | Note
-------+----------+-------------------------------------------
     0 | D:1      | letownia2 the Tengu Conjurer began the quest for the Orb.
     0 | D:1      | Reached XP level 1. HP: 10/10 MP: 4/4
    61 | D:1      | Reached XP level 2. HP: 14/15 MP: 0/6
    72 | D:1      | Learned a level 2 spell: Searing Ray
    75 | D:2      | Reached skill level 6 in Conjurations
   224 | D:2      | Reached XP level 3. HP: 12/19 MP: 2/7
   229 | D:2      | Learned a level 3 spell: Dazzling Spray
   339 | D:3      | Noticed letownia2's ghost (weakling TeFE)
   381 | D:3      | Slain by an orc

Skill      XL: |  1  2 |
---------------+-------+-----
Conjurations   | 6 |  6.9
Dodging        | |  2.1
Stealth        | |  2.0
Spellcasting   | |  2.0

Action                   || total
-------------------------++-------
Melee: Dagger            ||    11
       Kick              ||     3
       Unarmed           ||     1
       Peck              ||     1
 Cast: Magic Dart        ||    36
Armor: Robe              ||     8
Dodge: Dodged            ||    10
